 Dungeon Sprint DCSS version 0.28-a0-861-ge64d6db94f (webtiles) character file.

Game seed: 2043507132837141037

1979 emperorscorpion the Thaumaturge (level 9, 0/68 HPs)
             Began as a Djinni Warper on Nov 15, 2021.
             Was a Believer of Makhleb.
             Splashed by a brown ugly thing's acid (6 damage)
             ... in the Dungeon (Sprint IX: "|||||||||||||||||||||||||||||").
             The game lasted 00:05:45 (705 turns).

emperorscorpion the Thaumaturge (Djinni Warper)      Turns: 705, Time: 00:05:45

Health: 0/68       AC: 13    Str: 16    XL:     9   Next: 43%
Gold:   0          EV:  9    Int: 16    God:    Makhleb [**....] SH:  0 Dex: 15

rFire   + + .      SeeInvis .   i - +2 halberd (protect)
rCold   x . .      Faith    .   (shield currently unavailable)
rNeg    . . .      Spirit   .   n - +1 chain mail
rPois   ∞          Reflect  .   m - +0 helmet
rElec   .          Harm     .   (no cloak)
rCorr   .          Rampage  .   l - +0 pair of gloves
Will    .....      NoTele   +   (boots unavailable)
Stlth   ..........              (no amulet)
HPRegen 0.21/turn               o - +3 ring of strength
MPRegen 0.00/turn               p - +3 ring of strength

@: flying
A: sickness immunity, fire resistance 2, cold vulnerability 1, float, innate
caster, hp casting, extra vitality 1
a: Renounce Religion, Minor Destruction


You were in the Dungeon.
You worshipped Makhleb.
Makhleb was pleased with you.
You visited 1 branch

Inventory:

Hand Weapons
 a - a +0 short sword
 i - a +2 halberd of protection (weapon)
 j - a +2 vampiric rapier
 k - a +2 scimitar of flaming
Missiles
 d - 3 boomerangs of dispersal (quivered)
Armour
 b - a +0 leather armour
 l - a +0 pair of gloves (worn)
 m - a +0 helmet (worn)
 n - a +1 chain mail (worn)
Jewellery
 o - a +3 ring of strength (left hand)
 p - a +3 ring of strength (right hand)
Scrolls
 c - 2 scrolls of blinking
Potions
 e - 5 potions of curing
 f - a potion of invisibility


   Skills:
 + Level 7.1 Fighting
 + Level 9.9 Short Blades
 + Level 1.4 Throwing
 + Level 6.0 Armour
 + Level 6.4 Dodging
 + Level 1.3 Stealth
 + Level 10.3 Spellcasting
 + Level 4.3 Evocations


You had 3 spell levels left.
You knew the following spells:

 Your Spells              Type           Power      Damage    Failure   Level
a - Blink                 Tloc           82%        N/A       2%          2
b - Lesser Beckoning      Tloc           41%        N/A       5%          3
c - Gell's Gravitas       Tloc           41%        N/A       5%          3
d - Teleport Other        Tloc           41%        N/A       5%          3
e - Manifold Assault      Tloc           41%        N/A       45%         5
f - Shock                 Conj/Air       100%       1d9       1%          1
g - Static Discharge      Conj/Air       41%        N/A       2%          2
h - Corpse Rot            Necr/Air       82%        N/A       2%          2
i - Summon Ice Beast      Ice/Summ       41%        N/A       19%         4
Your spell library was empty.

Dungeon Overview and Level Annotations

Branches:
Dungeon (1/1)

Altars:
Cheibriados
Dithmenos
Elyvilon
Fedhas
Gozag
Hepliaklqana
Kikubaaqudgha
Makhleb
Nemelex Xobeh
Okawaru
Qazlal
Ru
Sif Muna
Trog
Uskayaw
Vehumet
Wu Jian
Xom
Yredelemnul
Zin
The Shining One
Beogh
Jiyva
Lugonu


Innate Abilities, Weirdness & Mutations

You are immune to sickness and miasma.
You are immune to poison.
Your flesh is very heat resistant. (rF++)
You are vulnerable to cold. (rC-)
You float through the air rather than walking.
You learn spells naturally, not from books.
Your magical power is your life essence.
You have superior vitality. (+4 HP)


Message History

Casting: Shock (safe; 1% risk of failure)
Confirm with . or Enter, or press ? or * to list all spells.
Aiming: Shock (safe; 1% risk of failure)
Press: ? - help, Shift-Dir - straight line, f/p - brown ugly thing
Aim: a brown ugly thing (severely wounded, 74% to hit)
The zap hits the brown ugly thing.
The brown ugly thing is severely wounded.
The zap hits the rust devil but does no damage.
The zap misses the kobold demonologist.
Casting: Shock (safe; 1% risk of failure)
Confirm with . or Enter, or press ? or * to list all spells.
You blink.
You reach down and close the door.
A brown ugly thing opens the door.
The kobold demonologist gestures wildly while chanting.
Press: ? - help, v - describe, . - travel
Here: a brown ugly thing (severely wounded)
An open door to the Dungeon.
Throw: 5 boomerangs (disperse)
Press: ? - help, Q - select action, (/) - cycle Shift-Dir - straight line, f/p - brown ugly thing
Aim: a brown ugly thing (severely wounded, 60% to hit)
You throw a boomerang of dispersal.
The boomerang of dispersal barely misses the brown ugly thing.
The boomerang of dispersal hits the rust devil.
The rust devil blinks!
The brown ugly thing tentacle-slaps you.
You are splashed with acid.
* * * LOW HITPOINT WARNING * * *
Unknown command.
Okay, then.
Throw: 4 boomerangs (disperse)
Press: ? - help, Q - select action, (/) - cycle Shift-Dir - straight line, f/p - brown ugly thing
Aim: a brown ugly thing (severely wounded, 60% to hit)
You throw a boomerang of dispersal.
The boomerang of dispersal hits the brown ugly thing but does no damage.
The brown ugly thing is severely wounded.
The kobold demonologist mumbles some strange words.
The brown ugly thing tentacle-slaps you!
* * * LOW HITPOINT WARNING * * *
You are splashed with acid.
You die...

▓)▓
▓?▓
▓)▓
▓.▓
▓.▓
▓.▓
▓.▓
▓.▓
▓@▓
▓u▓
▓.▓
▓.▓
▓5▓
▓4▓
▓†▓
▓K▓
▓†▓


You could see a brown ugly thing, an orange demon (summoned), a kobold
demonologist and a quasit (summoned).

Vanquished Creatures
  A two-headed ogre (D)
  A manticore (D)
  A komodo dragon (D)
  A vampire (D)
  A vampire mosquito (D)
  An acid dragon (D)
  A water moccasin (D)
  A black bear (D)
  A centaur (D)
  A killer bee (D)
  A wight (D)
  An orc priest (D)
  An ufetubus (D)
  An orc (D)
  A bat (D)
  2 endoplasms (D)
  2 rats (D)
19 creatures vanquished.

Notes
Turn   | Place    | Note
-------+----------+-------------------------------------------
     0 | D        | emperorscorpion the Djinni Warper began the quest for the
                  | Orb.
     0 | D        | Reached XP level 1. HP: 18/18 MP: 0/0
   212 | D        | Noticed an orc priest
   212 | D        | Noticed a black bear
   212 | D        | Noticed a water moccasin
   217 | D        | Reached XP level 2. HP: 24/24 MP: 0/0
   225 | D        | Reached skill level 3 in Spellcasting
   225 | D        | Reached XP level 3. HP: 30/30 MP: 0/0
   225 | D        | Learned a level 1 spell: Shock
   236 | D        | Killed a water moccasin
   236 | D        | Killed a black bear
   237 | D        | Reached skill level 1 in Throwing
   237 | D        | Reached skill level 6 in Spellcasting
   237 | D        | Reached XP level 4. HP: 36/38 MP: 0/0
   237 | D        | Reached XP level 5. HP: 40/42 MP: 0/0
   237 | D        | Learned a level 2 spell: Static Discharge
   237 | D        | Reached XP level 6. HP: 45/48 MP: 0/0
   237 | D        | Found a snail-covered altar of Cheibriados.
   237 | D        | Found a shadowy altar of Dithmenos.
   237 | D        | Found a white marble altar of Elyvilon.
   237 | D        | Found a blossoming altar of Fedhas.
   237 | D        | Found an opulent altar of Gozag.
   238 | D        | Found a hazy altar of Hepliaklqana.
   239 | D        | Found a viscous altar of Jiyva.
   241 | D        | Found a corrupted altar of Lugonu.
   242 | D        | Found a burning altar of Makhleb.
   243 | D        | Found a sparkling altar of Nemelex Xobeh.
   244 | D        | Found an iron altar of Okawaru.
   245 | D        | Found a stormy altar of Qazlal.
   246 | D        | Found a sacrificial altar of Ru.
   248 | D        | Found a bloodstained altar of Trog.
   249 | D        | Found a hide-covered altar of Uskayaw.
   250 | D        | Became a worshipper of Makhleb the Destroyer
   252 | D        | Found an ornate altar of the Wu Jian Council.
   253 | D        | Found a shimmering altar of Xom.
   254 | D        | Found a basalt altar of Yredelemnul.
   255 | D        | Found a glowing silver altar of Zin.
   256 | D        | Found a glowing golden altar of the Shining One.
   307 | D        | Noticed a troll
   307 | D        | Noticed a two-headed ogre
   307 | D        | Noticed an acid dragon
   323 | D        | Killed a two-headed ogre
   324 | D        | Reached skill level 1 in Stealth
   324 | D        | Reached skill level 8 in Spellcasting
   324 | D        | Reached XP level 7. HP: 8/56 MP: 0/0
   324 | D        | Learned a level 2 spell: Corpse Rot
   324 | D        | Reached XP level 8. HP: 9/61 MP: 0/0
   368 | D        | Reached * piety under Makhleb
   377 | D        | Reached skill level 9 in Spellcasting
   687 | D        | Noticed a vampire
   687 | D        | Noticed a komodo dragon
   687 | D        | Noticed a brown ugly thing
   687 | D        | Noticed a manticore
   687 | D        | Noticed a kobold demonologist
   690 | D        | Noticed a rust devil
   692 | D        | Reached ** piety under Makhleb
   695 | D        | Killed a vampire
   696 | D        | Reached skill level 5 in Armour
   698 | D        | Killed a komodo dragon
   699 | D        | Reached XP level 9. HP: 27/67 MP: 0/0
   699 | D        | Learned a level 4 spell: Summon Ice Beast
   699 | D        | Killed a manticore
   700 | D        | Reached skill level 10 in Spellcasting
   705 | D        | Splashed by a brown ugly thing's acid

Illustrated notes

Levels and vault maps discovered:
D:        linesprint [early_d, line_temple, items_1, d_10, items_2, lair_1,
          lair_end, items_3, orc_1, orc_end, items_4, d_15, swamp_1, shoals_1,
          snake_1, spider_1, d_20, vaults_1, items_5, swamp_end, shoals_end,
          snake_end, spider_end, vaults_end, d_27, items_6, zot_1, zot_end,
          crypt_end, forest_end, elf_end, slime_end, tomb_end, abyss_end,
          pan_hell_end]

Skill      XL: |  1  2  3  4  5  6  7  8  9 |
---------------+----------------------------+-----
Short Blades   | 2 3 6 8 9 |  9.9
Fighting       | 3 4 6 7 |  7.1
Dodging        | 3 4 6 |  6.4
Spellcasting   | 3 6 8 9 10 | 10.3
Throwing       | 1 |  1.4
Armour         | 2 4 5 6 |  6.0
Stealth        | 1 |  1.3
Evocations     | 2 3 4 |  4.3

Action                   |  1- 3 |  4- 6 |  7- 9 || total
-------------------------+-------+-------+-------++-------
Melee: Short sword       |    23 |       |       ||    23
Throw: Boomerang         |       |       |     2 ||     2
 Cast: Shock             |     8 |     4 |    13 ||    25
       Blink             |     1 |     3 |     5 ||     9
       Static Discharge  |       |       |     5 ||     5
       Teleport Other    |       |       |     1 ||     1
Evoke: Wand              |       |     6 |     4 ||    10
  Use: Potion            |     3 |       |     2 ||     5
       Scroll            |       |     1 |       ||     1
Armor: Leather armour    |     8 |       |       ||     8
       Chain mail        |       |     2 |     6 ||     8
Dodge: Dodged            |    13 |     4 |     5 ||    22

Table legend: (Time is in decaauts)
 A = Elapsed time spent in this place.
 B = Non-inter-level travel time spent in this place.
 C = Inter-level travel time spent in this place.
 D = Time resting spent in this place.
 E = Time spent auto-exploring this place.
 F = Levels seen in this place.
 G = Mean time per level.
                   A        B        C        D        E       F      G
               +--------+--------+--------+--------+--------+-----+--------+
         Total |    698 |    698 |      0 |    445 |     57 |   1 |  698.0 |
       Dungeon |    698 |    698 |      0 |    445 |     57 |   1 |  698.0 |
               +--------+--------+--------+--------+--------+-----+--------+

Top non-repeatable levels by time:
       D: 698 daAuts
